 Dungeon Crawl Stone Soup version 0.28.0-53-g5a82cb258f (webtiles) character file.

Game seed: 1105487131460250966

182 101zpm the Magician (level 5, -4/35 HPs)
             Began as a Djinni Fire Elementalist on May 26, 2022.
             Slain by an ice beast (18 damage)
             ... on level 6 of the Dungeon.
             The game lasted 00:04:03 (3950 turns).

101zpm the Magician (Djinni Fire Elementalist)      Turns: 3950, Time: 00:04:03

Health: -4/35      AC:  2    Str:  7    XL:     5   Next: 93%
Gold:   106        EV: 12    Int: 18    God:
                   SH:  0    Dex: 14

rFire   + + .      SeeInvis .   (no weapon)
rCold   x . .      Faith    .   (no shield)
rNeg    . . .      Spirit   .   a - +0 robe
rPois   ∞          Reflect  .   (no helmet)
rElec   .          Harm     .   (no cloak)
rCorr   .          Rampage  .   (no gloves)
Will    .....                   (boots unavailable)
Stlth   ++........              (no amulet)
HPRegen 0.11/turn               (no ring)
MPRegen 0.00/turn               (no ring)

@: flying
A: sickness immunity, fire resistance 2, cold vulnerability 1, float, innate
caster, HP casting, extra vitality 1
a: no special abilities


You were on level 6 of the Dungeon.
You visited 1 branch of the dungeon, and saw 4 of its levels.

You collected 106 gold pieces.

Inventory:

Armour
 a - a +0 robe (worn)
Scrolls
 b - 2 scrolls of teleportation {unknown}
 c - 2 scrolls of identify {unknown}
 d - a scroll of holy word {unknown}
 g - a scroll of fear {unknown}
 i - a scroll of enchant armour {unknown}
Potions
 e - a potion of cancellation {unknown}
 f - a potion of curing {unknown}
 h - a potion of ambrosia {unknown}


   Skills:
 + Level 2.4 Dodging
 + Level 2.5 Stealth
 + Level 4.3 Spellcasting


You couldn't memorise any spells.
You knew the following spells:

 Your Spells              Type           Power      Damage    Failure   Level
a - Foxfire               Conj/Fire      76%        2x1d7     2%          1
b - Scorch                Fire           38%        2d6       3%          2
c - Conjure Flame         Conj/Fire      19%        6-21      7%          3
d - Inner Flame           Hex/Fire       19%        N/A       7%          3
e - Flame Wave            Conj/Fire      19%        2d6       24%         4
f - Summon Small Mammal   Summ           76%        N/A       2%          1
g - Call Imp              Summ           19%        N/A       3%          2
Your spell library was empty.

Dungeon Overview and Level Annotations

Branches:
Dungeon (3/15)

Altars:

Shops:
D:1 =


Innate Abilities, Weirdness & Mutations

You are immune to sickness and miasma.
You are immune to poison.
Your flesh is very heat resistant. (rF++)
You are vulnerable to cold. (rC-)
You float through the air rather than walking.
You learn spells naturally, not from books.
Your magical power is your life essence.
You have superior vitality. (+4 MHP)


Message History

You see here a +0 short sword.
There is an open door here.
There is an open door here.
Found a stone staircase leading down.
An ice beast comes into view.
Casting: Foxfire (safe; 2% risk of failure)
Confirm with . or Enter, or press ? or * to list all spells.
Aiming: Inner Flame (dangerous; 7% risk of failure)
Press: ? - help, Dir - move target, f - ice beast
Aim: an ice beast (chance to affect: 74%)
You miscast Inner Flame.
You are very lightly contaminated with residual magic.
Nothing appears to happen.
Casting: Inner Flame (dangerous; 7% risk of failure)
Confirm with . or Enter, or press ? or * to list all spells.
Aiming: Inner Flame (dangerous; 7% risk of failure)
Press: ? - help, Dir - move target, f/p - ice beast
Aim: an ice beast (chance to affect: 74%)
The ice beast is filled with an inner flame.
The ice beast hits you but does no damage.
You conjure some foxfire!
The ice beast barely misses you.
Your foxfire dissipates!
The foxfire hits the ice beast but does no damage.
You conjure some foxfire!
The ice beast barely misses you.
The foxfire hits the ice beast but does no damage. x2
You conjure some foxfire!
The ice beast hits you. The ice beast freezes you!
You feel a terrible chill!
Your magical contamination has completely faded away.
The foxfire hits the ice beast but does no damage. x2
You conjure some foxfire!
The ice beast barely misses you.
The foxfire hits the ice beast!
The ice beast melts!
Flame seeps out of the ice beast.
The ice beast is moderately wounded.
The foxfire hits the ice beast but does no damage.
The ice beast is moderately wounded.
The ice beast is engulfed in blazing flames.
Flame seeps out of the ice beast.
The ice beast hits you. The ice beast freezes you!!
You feel a terrible chill!
Ouch! That really hurt!
You die...

###########........
.........##.#
.........##.#
.....>...##.#
............#
.#######....# #...○#
#..Y.# #..@§# ###
#....##
##<#########.....##
#...#.............#
#.⌠.#.............#
#...#.............#
##.'####..........#
######..............#
#...##..............#


You could see an ice beast (inner flame).

Vanquished Creatures
  An orc warrior (D:6)
  An iguana (D:6)
  An orc wizard (D:6)
  A dart slug (D:1)
  3 orcs (D:6)
  4 ball pythons
  3 endoplasms
  A giant cockroach (D:1)
  A goblin (D:1)
  2 hobgoblins (D:1)
  4 kobolds
  2 quokkas (D:2)
  3 frilled lizards
  4 rats
31 creatures vanquished.

Vanquished Creatures (collateral kills)
  A giant cockroach (D:2)
  A goblin (D:2)
2 creatures vanquished.

Vanquished Creatures (others)
  243 foxfires
243 creatures vanquished.

Grand Total: 276 creatures vanquished

Notes
Turn   | Place    | Note
-------+----------+-------------------------------------------
     0 | D:1      | 101zpm the Djinni Fire Elementalist began the quest for the
                  | Orb.
     0 | D:1      | Reached XP level 1. HP: 15/15 MP: 0/0
   141 | D:1      | Found Upleufaq's Jewellery Emporium.
   542 | D:1      | Found a faded altar of an unknown god.
   574 | D:1      | Reached XP level 2. HP: 13/21 MP: 0/0
  1628 | D:1      | Reached skill level 3 in Spellcasting
  1872 | D:2      | Reached XP level 3. HP: 19/25 MP: 0/0
  1872 | D:2      | Learned a level 1 spell: Summon Small Mammal
  3351 | D:3      | You are sucked into a shaft and drop 3 floors!
  3367 | D:6      | Reached XP level 4. HP: 10/31 MP: 0/0
  3591 | D:6      | Noticed an orc warrior
  3608 | D:6      | Killed an orc warrior
  3609 | D:6      | Reached skill level 4 in Spellcasting
  3609 | D:6      | Reached XP level 5. HP: 8/35 MP: 0/0
  3609 | D:6      | Learned a level 2 spell: Call Imp
  3937 | D:6      | Noticed an ice beast
  3950 | D:6      | Slain by an ice beast

Illustrated notes

Levels and vault maps discovered:
D:1:      minmay_arrival_nine_rooms, layout_rooms, serial_shops, shop,
          hellmonk_ecumenical_altar_prayer_group
D:2:      layout_loops_ring
D:3:      layout_basic, minmay_crystal_water, due_unseen_surprise
D:6:      layout_basic, gammafunk_ghost_smash, grunt_ministairs_4, uniq_sigmund,
          uniq_prince_ribbit1, uniq_crazy_yiuf_cottage

Skill      XL: |  1  2  3  4 |
---------------+-------------+-----
Spellcasting   | 3 4 |  4.3
Stealth        | 2 |  2.5
Dodging        | |  2.4

Action                   |  1- 3 |  4- 6 || total
-------------------------+-------+-------++-------
 Cast: Foxfire           |   134 |     8 ||   142
       Summon Small Mamm |    10 |     2 ||    12
       Scorch            |     4 |     1 ||     5
       Inner Flame       |       |     6 ||     6
       Call Imp          |       |     1 ||     1
Armor: Robe              |       |     1 ||     1
Dodge: Dodged            |     6 |     3 ||     9
